 Dungeon Crawl Stone Soup version 0.19-a0-1922-g1e9a4c1 (webtiles) character file.

253 KarmaPolice the Bolt Thrower (level 6, 0/42 HPs)
             Began as a Halfling Hunter on Oct 24, 2016.
             Slain by a sky beast (1 damage)
             ... on level 3 of the Dungeon.
             The game lasted 00:12:32 (4197 turns).

KarmaPolice the Bolt Thrower (Halfling Hunter)      Turns: 4197, Time: 00:12:33

Health: 0/42       AC:  4    Str: 13    XL:     6   Next: 37%
Magic:  6/6        EV: 14    Int:  9    God:
Gold:   100        SH:  0    Dex: 17    Spells: 0 memorised, 5 levels left

rFire  . . .     SeeInvis .     a - +1 hand crossbow
rCold  . . .     Gourm    .     c - +0 leather armour
rNeg   . . .     Faith    .     (shield restricted)
rPois  .         Spirit   .     m - +0 helmet
rElec  .         Reflect  .     (no cloak)
rCorr  .         Harm     .     (no gloves)
MR     .....                    (no boots)
Stlth  ++........               (no amulet)
                                (no ring)
                                (no ring)

@: no status effects
A: mutation resistance 1
a: no special abilities


You were on level 3 of the Dungeon.
You were hungry.

You visited 1 branch of the dungeon, and saw 3 of its levels.

You collected 100 gold pieces.

Inventory:

Hand Weapons
 a - a +1 hand crossbow (weapon)
 b - a +0 short sword
Missiles
 d - 7 bolts (quivered)
Armour
 c - a +0 leather armour (worn)
 m - a +0 helmet (worn)
Scrolls
 e - 2 scrolls of remove curse {unknown}
 g - 2 scrolls of teleportation {unknown}
 i - 2 scrolls of enchant weapon {unknown}
 j - 2 scrolls of blinking {unknown}
 k - a scroll of fear {unknown}
 l - 3 scrolls of identify {unknown}
Potions
 p - a potion of cancellation {unknown}
Comestibles
 f - 2 bread rations
 n - a beef jerky
 o - a meat ration


   Skills:
 + Level 3.3 Fighting
 + Level 3.9 Short Blades
 + Level 5.9 Crossbows
 - Level 2.2 Dodging
 - Level 1.1 Stealth


You had 5 spell levels left.
You didn't know any spells.

Dungeon Overview and Level Annotations

Branches:
Dungeon (3/15)

Altars:
Xom
Yredelemnul
The Shining One

Annotations:
D:3 anet's ghost, amateur HEEE


Innate Abilities, Weirdness & Mutations

You are small and have problems with some larger weapons.
You are somewhat resistant to further mutation.


Message History

You are too injured to fight recklessly!
You are too injured to fight recklessly!
You are too injured to fight recklessly!
You are too injured to fight recklessly!
You are too injured to fight recklessly!
Unknown command.
Firing (i - inventory):
d - 9 bolts (quivered)
Press: ? - help, Shift-Dir - straight line, f/p - sky beast
Aim: a sky beast (almost dead)
You shoot a bolt. The bolt closely misses the sky beast.
The sky beast hits you.
* * * LOW HITPOINT WARNING * * *
The sky beast shocks you.
* * * LOW HITPOINT WARNING * * *
Firing (i - inventory):
d - 8 bolts (quivered)
Press: ? - help, Shift-Dir - straight line, f/p - sky beast
Aim: a sky beast (almost dead)
You shoot a bolt. The bolt closely misses the sky beast.
The sky beast closely misses you. The sky beast hits you.
You die...

#.# ## #.# .. #.# .#
#.# .# ###(##.#
#..≈.(.#####.
###(###........
#.Y.# #.#......
#@#.###)#......
#.#((.(.# .....
#.####### .Y... #.#
.... #># #### #.#
###.#### #####
#......# #...#
#.#.##.###.#########


You could see a sky beast.

Vanquished Creatures
  2 crimson imps (D:3)
  A centaur zombie (D:2)
  3 gnolls
  6 adders
  3 dart slugs
  4 leopard geckos
  5 bats
  2 giant cockroaches (D:3)
  10 goblins
  11 hobgoblins
  3 jackals (D:2)
  3 frilled lizards
  3 kobolds
  8 rats
64 creatures vanquished.

Notes
Turn   | Place    | Note
-------+----------+-------------------------------------------
     0 | D:1      | KarmaPolice the Halfling Hunter began the quest for the Orb.
     0 | D:1      | Reached XP level 1. HP: 14/14 MP: 1/1
   378 | D:1      | Reached XP level 2. HP: 13/19 MP: 2/2
   510 | D:1      | Reached skill level 1 in Short Blades
   945 | D:1      | Reached XP level 3. HP: 21/24 MP: 3/3
  1429 | D:2      | Reached skill level 5 in Crossbows
  1670 | D:2      | Found a basalt altar of Yredelemnul.
  1739 | D:2      | Reached XP level 4. HP: 18/29 MP: 4/4
  2791 | D:2      | Found a glowing golden altar of the Shining One.
  2935 | D:3      | Noticed anet's ghost (amateur HEEE)
  3054 | D:2      | Reached XP level 5. HP: 35/35 MP: 5/5
  3455 | D:3      | Found a shimmering altar of Xom.
  3833 | D:2      | Reached XP level 6. HP: 27/42 MP: 6/6
  4155 | D:3      | Noticed a sky beast
  4196 | D:3      | HP: 1/42 [sky beast (5)]
  4197 | D:3      | Slain by a sky beast

Vault maps used:
D:1:      kennysheep_arrival_seaside
D:2:      marbit_many_paths, lemuel_doored_altar
D:3:      nicolae_ru_path_of_blood, gup_sewer_entry_spiral, led_xom_imps

Skill      XL: |  1  2  3  4  5 |
---------------+----------------+-----
Short Blades   | 1 2 3 |  3.9
Fighting       | 2 3 |  3.3
Crossbows      | 5 |  5.9
Dodging        | |  2.2
Stealth        | |  1.1

Action                   |  1- 3 |  4- 6 || total
-------------------------+-------+-------++-------
Melee: Short sword       |   118 |   201 ||   319
 Fire: Hand crossbow     |       |    32 ||    32
 Stab: Sleeping          |     2 |     1 ||     3
       Distracted        |       |     1 ||     1
  Eat: Chunk             |     2 |     8 ||    10
Armor: Leather armour    |    16 |    57 ||    73
Dodge: Dodged            |    84 |   195 ||   279
